 Dungeon Crawl Stone Soup version 0.31-a0-507-gbafd7f5274 (webtiles) character file.

Game seed: 14779275743584202434

1091 LynnLen the Sneak (level 8, 0/39 HPs)
             Began as a Spriggan Enchanter on Aug 10, 2023.
             Was a Follower of Dithmenos.
             Slain by a gnoll (4 damage)
             ... led by a gnoll sergeant
             ... on level 7 of the Dungeon.
             The game lasted 00:14:48 (5989 turns).

LynnLen the Sneak (Spriggan Enchanter)              Turns: 5989, Time: 00:14:49

Health: 0/39       AC:  2    Str:  6    XL:     8   Next: 9%
Magic:  7/16       EV: 19    Int: 16    God:    Dithmenos [*.....]
Gold:   357        SH:  0    Dex: 16    Spells: 9/17 levels left

rFire   . . .        a - +1 dagger
rCold   . . .        (no shield)
rNeg    . . .        b - +0 robe
rPois   .            (helmet currently unavailable)
rElec   .            (cloak currently unavailable)
rCorr   .            (gloves unavailable)
SInv    +            (boots unavailable)
Will    +....        (no amulet)
Stlth   ++++         (no ring)
HPRegen 0.26/turn    (no ring)
MPRegen 0.15/turn

%: no passive effects
@: beast-form, wreathed by umbra, very quick
A: beast (slay +0), very small, no large weapons, unfitting armour, see
invisible, speed 3
a: Begin Untransformation, Renounce Religion


You were on level 7 of the Dungeon.
You worshipped Dithmenos.
Dithmenos was aware of your devotion.
You were a hulking beast.
You visited 2 branches of the dungeon, and saw 8 of its levels.

You collected 381 gold pieces.
You spent 24 gold pieces at shops.

Inventory:

Hand Weapons
 a - a +1 dagger (weapon)
Armour
 b - a +0 robe (worn)
Jewellery
 g - a ring of wizardry
 r - a ring of positive energy
 t - an amulet of the acrobat
 u - a ring of ice
Talismans
 z - a beast talisman (active)
Wands
 x - a wand of digging (4)
Scrolls
 d - 2 scrolls of poison
 f - a scroll of amnesia
 i - a scroll of fog {unknown}
 k - a scroll of torment {unknown}
 m - a scroll of immolation {unknown}
 p - a scroll of enchant armour {unknown}
 w - a scroll of revelation {unknown}
 y - a scroll of teleportation {unknown}
 A - a scroll of fear {unknown}
Potions
 c - 2 potions of invisibility
 e - 2 potions of heal wounds
 h - 2 potions of haste
 j - a potion of ambrosia {unknown}
 l - 3 potions of curing
 n - 2 potions of cancellation {unknown}
 o - a potion of berserk rage {unknown}
 q - a potion of magic {unknown}
 s - a potion of degeneration {unknown}
 v - a potion of lignification {unknown}


   Skills:
 + Level 2.1 Fighting
 + Level 4.1 Short Blades
 + Level 5.5 Dodging
 + Level 7.3 Stealth
 * Level 5.3 Spellcasting
 * Level 5.9 Hexes
 - Level 2.1 Ice Magic


You had 9 spell levels left.
You knew the following spells:

 Your Spells              Type           Power      Damage    Failure   Level
a - Ensorcelled Hibernat  Hex/Ice        34%        N/A       4%          2
b - Confusing Touch       Hex            23%        N/A       3%          3
c - Tukima's Dance        Hex            23%        N/A       3%          3

Your spell library contained the following spells:

 Spells                   Type           Power      Damage    Failure   Level
 Slow                     Hex            92%        N/A       1%          1
 Freeze                   Ice            44%        1d6       6%          1
 Dazzling Flash           Conj/Hex       26%        N/A       13%         3
 Inner Flame              Hex/Fire       13%        N/A       13%         3
 Frozen Ramparts          Ice            22%        1d4       19%         3
 Sublimation of Blood     Necr           4%         N/A       22%         2
 Wereblood                Tmut           4%         N/A       22%         2
 Hailstorm                Conj/Ice       7%         3d4       28%         3
 Gell's Gravitas          Tloc           4%         N/A       41%         3
 Teleport Other           Tloc           4%         N/A       41%         3
 Vampiric Draining        Necr           4%         2d6       41%         3
 Summon Ice Beast         Ice/Summ       7%         N/A       67%         4
 Flame Wave               Conj/Fire      4%         2d5       83%         4
 Sticky Flame             Conj/Fire      4%         2d3       83%         4
 Dispersal                Tloc           2%         N/A       100%        6
 Simulacrum               Ice/Necr       3%         N/A       100%        6
 Summon Hydra             Summ           2%         N/A       100%        7


Dungeon Overview and Level Annotations

Branches:
Dungeon (7/15)             Temple (1/1) D:4

Altars:
Ashenzari
Cheibriados
Dithmenos
Elyvilon
Fedhas
Gozag
Hepliaklqana
Kikubaaqudgha
Makhleb
Okawaru
Qazlal
Ru
Sif Muna
Trog
Vehumet
Wu Jian
Yredelemnul
Zin
The Shining One

Shops:
D:4 *?   D:7 *

Annotations:
D:7 Jeremiah


Innate Abilities, Weirdness & Mutations

You are a hulking beast.
Your limbs bulge with bestial killing power. (Slay +0)
You are very small and have problems with some larger weapons.
You are too small for most types of armour.
You have supernaturally acute eyesight. (SInv)
You cover ground extremely quickly. (Speed+++)


Message History

The gnoll sergeant misses you. The gnoll misses you.
Your +0 rapier hits the gnoll sergeant but does no damage.
You closely miss the gnoll sergeant.
The gnoll sergeant is heavily wounded.
The gnoll shouts!
The gnoll misses you. The gnoll sergeant misses you.
The gnoll completely misses you.
You hit the gnoll sergeant but do no damage.
The gnoll sergeant is heavily wounded.
Your +0 rapier hits the gnoll sergeant.
The gnoll misses you.
The gnoll sergeant hits your +0 rapier!
Your +0 rapier falls from the air.
The gnoll closely misses you.
The gnoll sergeant shouts!
You hit the gnoll sergeant.
The gnoll sergeant is severely wounded.
You hit the gnoll sergeant but do no damage.
The gnoll sergeant is severely wounded.
The gnoll barely misses you. x2
The gnoll sergeant completely misses you.
The gnoll hits you.
Unknown command.
You hit the gnoll sergeant but do no damage.
The gnoll sergeant is severely wounded.
The gnoll hits you with a +0 whip! The gnoll barely misses you.
The gnoll sergeant hits you.
* * * LOW HITPOINT WARNING * * *
The gnoll completely misses you.
You hit the gnoll sergeant but do no damage.
The gnoll sergeant is severely wounded.
The gnoll barely misses you. The gnoll closely misses you.
The gnoll sergeant barely misses you. The gnoll hits you.
* * * LOW HITPOINT WARNING * * *
You hit the gnoll sergeant.
The gnoll sergeant is severely wounded.
The gnoll hits you.
* * * LOW HITPOINT WARNING * * *
The gnoll sergeant completely misses you.
The gnoll hits you.
You die...

#......# #..........# ##...#.#
##.#.#.....##
##..#...###########...g...#
#......#....#.............##
#.....#..#..#................
#...##.....##........###.....
#...##..#..#........###.#<##.
##..........#gg)...........g.
####............hg...##.###.....
#.##............g)#####.# ...
.................## ###.###.....
#..#..............###..........
######................##.......
###..............##....##......
..................#.....#......
...............................
..#..#)......####.......#...#..


You could see a gnoll sergeant and 3 gnolls.

Vanquished Creatures
  A steam dragon (D:7)
  2 sky beasts
  A black bear (D:5)
  An ice beast (D:6)
  A scorpion (D:4)
  A howler monkey (D:7)
  2 hounds
  3 sleepcaps
  6 iguanas
  2 gnolls (D:7)
  8 adders
  2 ufetubi
  3 worms
  4 dart slugs
  10 orcs
  8 endoplasms
  4 giant cockroaches
  8 goblins
  8 hobgoblins
  4 jackals (D:1)
  2 quokkas
  8 ball pythons
  8 bats
  3 frilled lizards
  6 kobolds
  8 rats
114 creatures vanquished.

Vanquished Creatures (others)
  4 dancing weapons (D:7)
4 creatures vanquished.

Grand Total: 118 creatures vanquished

Notes
Turn   | Place    | Note
-------+----------+-------------------------------------------
     0 | D:1      | LynnLen the Spriggan Enchanter began the quest for the Orb.
     0 | D:1      | Reached XP level 1. HP: 9/9 MP: 5/5
    13 | D:1      | Found a faded altar of an unknown god.
    54 | D:1      | Reached XP level 2. HP: 8/13 MP: 6/6
   260 | D:1      | Learned a level 2 spell: Ensorcelled Hibernation
   594 | D:2      | Reached XP level 3. HP: 16/16 MP: 8/8
   860 | D:2      | Reached skill level 5 in Stealth
  1112 | D:2      | Reached XP level 4. HP: 18/21 MP: 7/10
  2235 | D:3      | Reached XP level 5. HP: 23/24 MP: 6/11
  2277 | D:3      | Learned a level 3 spell: Confusing Touch
  2281 | D:3      | Learned a level 3 spell: Tukima's Dance
  2519 | D:4      | Found a staircase to the Ecumenical Temple.
  2540 | Temple   | Entered the Ecumenical Temple
  2545 | Temple   | Became a worshipper of Dithmenos the Shadowed
  2593 | D:4      | Found The Oracle's Delphic Readings.
  2621 | D:4      | Bought a scroll of identify for 24 gold pieces
  2643 | D:4      | Found Fitaxiud's General Store.
  3356 | D:4      | Reached skill level 1 in Ice Magic
  3463 | D:5      | Entered Level 5 of the Dungeon
  3623 | D:5      | Reached XP level 6. HP: 29/29 MP: 11/13
  3663 | D:5      | Reached skill level 6 in Stealth
  3907 | D:5      | Reached skill level 1 in Fighting
  3953 | D:5      | Reached skill level 5 in Hexes
  4421 | D:6      | Reached XP level 7. HP: 33/33 MP: 14/14
  4511 | D:6      | Reached * piety under Dithmenos
  4519 | D:6      | Reached skill level 5 in Dodging
  4716 | D:6      | Identified the +5 sling of a wizard's laboratory {flame,
                  | *Corrode Dex+6 Stlth+}
  4868 | D:6      | Identified the +5 spear of Imminent Death {speed, rF+ rC+
                  | rN+ Str+3}
  4926 | D:6      | Identified the +4 scale mail of the Harp {+Inv Str-2 Int+2}
  5074 | D:7      | Noticed a steam dragon
  5074 | D:7      | Found Xaemukk's Mayhem Merchandise.
  5135 | D:7      | Reached skill level 7 in Stealth
  5263 | D:7      | Noticed Jeremiah
  5432 | D:7      | Killed a steam dragon
  5433 | D:7      | Reached skill level 5 in Spellcasting
  5543 | D:7      | HP: 1/35 [sleepcap (2)]
  5709 | D:7      | Reached XP level 8. HP: 39/39 MP: 13/16
  5989 | D:7      | Slain by a gnoll

Illustrated notes

Levels and vault maps discovered:
D:1:      heliophobic_arrival_henge, layout_basic,
          hellmonk_ecumenical_altar_dog_temple
D:2:      layout_basic, minmay_quantized
D:3:      layout_basic
D:4:      layout_loops_ring, temple_statues, serial_shops, shop,
          kennysheep_cross_room, nicolae_nh_oracle_at_delphi
D:5:      layout_basic, minmay_holes
D:6:      layout_loops_cross
D:7:      layout_cave_pools, kennysheep_mini,
          mainiacjoe_overflow_six_doors_small, minmay_shop_mayhem,
          minmay_misc_feat_diagonals, hangedman_abyss_or_decor_jellyfish_corner,
          abandoned_shop, chequers_arboretum, grunt_decor_resistance,
          nicolae_concentric_dashed_squares_wild, st_stairs_1,
          minmay_misc_feat_plants, uniq_jeremiah
Temple:   nicolae_temple_bog_church

Skill      XL: |  1  2  3  4  5  6  7 |
---------------+----------------------+-----
Dodging        | 3 4 5 |  5.5
Spellcasting   | 3 4 5 |  5.3
Hexes          | 4 5 |  5.9
Stealth        | 5 6 7 |  7.3
Short Blades   | 2 3 4 |  4.1
Ice Magic      | 1 2 |  2.1
Fighting       | 1 2 |  2.1

Action                     |  1- 3 |  4- 6 |  7- 9 || total
---------------------------+-------+-------+-------++-------
  Melee: Dagger            |   115 |   183 |   128 ||   426
         Punch             |       |     1 |     2 ||     3
   Cast: Ensorcelled Hiber |     6 |    17 |     9 ||    32
         Tukima's Dance    |       |       |     9 ||     9
         Confusing Touch   |       |       |     3 ||     3
    Use: Scroll            |     2 |     3 |       ||     5
   Stab: Sleeping          |    17 |    29 |     8 ||    54
         Confused          |       |       |     2 ||     2
 Armour: Robe              |    10 |    14 |     5 ||    29
  Dodge: Dodged            |    70 |   144 |    96 ||   310
   Form: Beast             |       |       |     1 ||     1

Table legend: (Time is in decaauts)
 A = Elapsed time spent in this place.
 B = Non-inter-level travel time spent in this place.
 C = Inter-level travel time spent in this place.
 D = Time resting spent in this place.
 E = Time spent auto-exploring this place.
 F = Levels seen in this place.
 G = Mean time per level.
                   A        B        C        D        E       F      G
               +--------+--------+--------+--------+--------+-----+--------+
         Total |   4225 |   4130 |     95 |    904 |   1753 |   8 |  528.1 |
       Dungeon |   4217 |   4124 |     93 |    904 |   1753 |   7 |  602.4 |
        Temple |      7 |      5 |      2 |      0 |      0 |   1 |    7.0 |
               +--------+--------+--------+--------+--------+-----+--------+

Top non-repeatable levels by time:
     D:2: 713 daAuts
     D:4: 707 daAuts
     D:7: 697 daAuts
     D:3: 649 daAuts
     D:5: 559 daAuts
     D:6: 490 daAuts
     D:1: 401 daAuts
  Temple: 7 daAuts
